 Dungeon Crawl Stone Soup version 0.21-a0-140-g479285b (webtiles) character file.

5045 drasked the Basher (level 10, -4/141 HPs)
             Began as a Hill Orc Monk on July 22, 2017.
             Was an Elder of Beogh.
             Slain by a sky beast (6 damage)
             ... on level 9 of the Dungeon.
             The game lasted 00:34:46 (10424 turns).

drasked the Basher (Hill Orc Monk)                 Turns: 10424, Time: 00:34:47

Health: -4/141     AC: 25    Str: 18    XL:     10   Next: 55%
Magic:  5/10       EV:  2    Int: 10    God:    Beogh [****..]
Gold:   483        SH:  0    Dex: 13    Spells: 9/9 levels left

rFire    . . .     SeeInvis .   A - +2 flail (drain)
rCold    + . .     Gourm    +   (no shield)
rNeg     + + +     Faith    .   (armour currently unavailable)
rPois    +         Spirit   .   (helmet currently unavailable)
rElec    .         Reflect  .   (cloak currently unavailable)
rCorr    .         Harm     .   (gloves currently unavailable)
MR       .....     NoTele   +   (boots currently unavailable)
Stlth    ++........             l - amulet of the gourmand {Gourm, !d}
HPRegen  0.33/turn              b - ring of protection from cold {rC+, !d}
MPRegen  0.12/turn              o - ring of positive energy {rN+}

@: tree-form
A: no striking features
a: Smiting, Recall Orcish Followers, Renounce Religion


You were on level 9 of the Dungeon.
You worshipped Beogh.
Beogh was greatly pleased with you.
You were completely stuffed.
You were a tree.
You visited 1 branch of the dungeon, and saw 9 of its levels.
You also visited: Sewer.

You collected 483 gold pieces.

Inventory:

Hand Weapons
 A - a +2 flail of draining (weapon)
   (You found it on level 5 of the Dungeon)
 C - a cursed +0 mace
   (You found it on level 6 of the Dungeon)
Armour
 m - a cursed +0 pair of boots (melded)
   (You found it on level 4 of the Dungeon)
 q - a +1 helmet (melded)
   (You found it on level 3 of the Dungeon)
 x - a +0 pair of gloves (melded)
   (You found it on level 5 of the Dungeon)
 J - a +0 chain mail (melded)
   (You found it on level 6 of the Dungeon)
 K - a +1 cloak of magic resistance (melded)
   (You took it off Crazy Yiuf on level 7 of the Dungeon)
Jewellery
 b - a ring of protection from cold (left branch) {rC+, !d}
   (You found it on level 4 of the Dungeon)
 l - an amulet of the gourmand (around neck) {Gourm, !d}
   (You found it on level 3 of the Dungeon)
 o - a ring of positive energy (right branch) {rN+}
   (You found it on level 4 of the Dungeon)
Wands
 a - a wand of paralysis (13/24)
   (You found it on level 7 of the Dungeon)
 y - a wand of scattershot (3/9)
   (You found it on level 5 of the Dungeon)
 L - a wand of enslavement (18/24)
   (You found it on level 7 of the Dungeon)
Scrolls
 g - 3 scrolls of enchant weapon
 h - 5 scrolls of fog
 n - 4 scrolls of teleportation
 r - 4 scrolls of identify
 t - 3 scrolls of remove curse
 u - a scroll of fear
 v - a scroll of random uselessness {unknown}
 D - a scroll of magic mapping {unknown}
 G - a scroll of blinking {unknown}
Potions
 d - 3 potions of brilliance {unknown}
 e - a potion of cancellation {unknown}
 j - 3 potions of agility {unknown}
 k - a potion of resistance
 p - 3 potions of curing
 s - a potion of lignification {!q}
 w - a potion of haste {unknown}
 z - a potion of degeneration {unknown}
 E - 4 potions of might {unknown}
 F - 3 potions of flight {unknown}
 H - 2 potions of heal wounds {unknown}
 M - a potion of mutation {unknown}
 O - 2 potions of magic {unknown}
Books
 B - a book of Air
   (You found it on level 5 of the Dungeon)
Comestibles
 c - 9 bread rations {@e1}
 f - 9 royal jellies
 i - 5 meat rations {@e2}
 I - 2 fruits


   Skills:
 + Level 10.7 Fighting
 * Level 12.2 Maces & Flails
 + Level 6.8 Armour
 - Level 2.4 Dodging
 - Level 1.5 Stealth


You had 9 spell levels left.
You didn't know any spells.

Dungeon Overview and Level Annotations

Branches:
Dungeon (9/15)             Temple (0/1) D:7
   Lair: D:8-11         Orc: D:9-12

Altars:
Ashenzari
Dithmenos
Fedhas
Gozag
Nemelex Xobeh
Ru
Sif Muna
Uskayaw
Vehumet
Wu Jian
Xom
The Shining One

Shops:
D:4 (   D:6 =*   D:8 !

Annotations:
D:7 2 transporters


Message History

The adder closely misses you.
Margrim barely misses the hound skeleton.
Something hits you but does no damage.
The orc warrior hits you with a scimitar.
* * * LOW HITPOINT WARNING * * *
Margrim barely misses the two-headed ogre.
Something hits you but does no damage.
You take 5 damage, and have 9/94 hp.
You hit the two-headed ogre. The adder bites you.
* * * LOW HITPOINT WARNING * * *
You are poisoned.
The adder poisons you!
You take 2 damage, and have 7/94 hp.
Smite: a two-headed ogre, wielding two giant clubs (severely wounded, lightly drained)
You smite the two-headed ogre!
You feel sick.
Margrim hits the two-headed ogre with a dagger!
The two-headed ogre dies!
Beogh accepts your kill.
Your Maces & Flails skill increases to level 12!
Margrim looks more experienced.
The orc warrior hits you but does no damage.
Something hits you but does no damage. The adder bites you but does no damage.
You take 1 damage, and have 6/94 hp.
You now have 7/10 mp.
Smite: an orc warrior, wielding a scimitar and wearing a chain mail You smite the orc warrior!
Margrim hits the hound skeleton with a dagger!
Something hits you but does no damage. The hound skeleton closely misses you.
The orc warrior hits you but does no damage.
The adder barely misses you.
You now have 4/10 mp.
You sock the orc warrior! The hound skeleton closely misses you.
The adder bites you.
* * * LOW HITPOINT WARNING * * *
Margrim closely misses the hound skeleton.
Something hits you but does no damage. The orc warrior barely misses you.
You take 1 damage, and have 5/94 hp.
You feel better. The hound skeleton closely misses you.
The adder bites you but does no damage.
Margrim hits the hound skeleton with a dagger!!
The hound skeleton is destroyed!
Beogh accepts your kill. Something hits you.
* * * LOW HITPOINT WARNING * * *
Something shocks you.
* * * LOW HITPOINT WARNING * * *
The orc warrior barely misses you. The adder bites you but does no damage.
You take 2 damage, and have 3/94 hp.
Really quaff
s - 2 potions of lignification {!q}?
You turn into a tree.
Your +1 cloak of magic resistance melds into your body.
Your +1 helmet melds into your body.
Your +0 pair of gloves melds into your body.
Your cursed +0 pair of boots melds into your body.
Your +0 chain mail melds into your body.
You feel less resistant to hostile enchantments.
Your roots penetrate the ground.
A sky beast appears from thin air!
Reactivating autopickup.
The sky beast hits you but does no damage.
The adder bites you but does no damage.
A quasit comes into view.
You now have 4/141 hp.
The quasit gives a chilling moan.
You hit the orc warrior but do no damage.
The orc warrior hits you but does no damage.
Margrim barely misses the orc warrior.
The adder bites you but does no damage.
The sky beast hits you but does no damage.
You barely miss the orc warrior. The adder bites you.
* * * LOW HITPOINT WARNING * * *
The orc warrior hits you but does no damage.
The sky beast hits you but does no damage.
Margrim hits the orc warrior with a dagger!
You take 1 damage, and have 3/141 hp.
You hit the orc warrior.
You kill the orc warrior!
Beogh accepts your kill. The adder bites you but does no damage.
The sky beast flickers out of sight!
Deactivating autopickup; reactivate with Ctrl-A.
Something hits you but does no damage.
You hit the adder. The adder bites you but does no damage.
You hit the adder. You drain the adder! Something hits you but does no damage.
The adder barely misses you.
You thump the adder!
You kill the adder!
Beogh accepts your kill. Something hits you but does no damage.
A two-headed ogre comes into view.
It is wielding a dire flail and a giant spiked club.
You closely miss the quasit.
The quasit bites you but does no damage.
The quasit claws you.
* * * LOW HITPOINT WARNING * * *
The quasit claws you but does no damage.
Something hits you but does no damage.
Margrim hits something with a dagger!
You take 1 damage, and have 3/141 hp.
You barely miss the quasit.
The quasit bites you but does no damage.
The quasit claws you but does no damage.
The quasit completely misses you. Something hits you.
* * * LOW HITPOINT WARNING * * *
Something shocks you.
You die...

.............
.............
#..........#
#...........
#..<........
#####..).%......
#......)).......
#......){≈....O.
#......o♣5......
#......†........
....)...........
...$$$...####...
...$_$...# ...
...$$$...# .
#........#
#########


You could see a two-headed ogre, a quasit and the friendly Margrim the orc
knight.

Vanquished Creatures
  Grinder (D:6)
  A human (D:7)
  2 hogs (D:7)
  Grum (D:8)
  An orc warrior (D:9)
  2 sky beasts
  An ice beast (D:8)
  2 phantoms
  2 ogres
  2 wolves (D:8)
  A centaur (D:7)
  4 big kobolds (Sewer)
  3 bullfrogs
  2 scorpions
  A killer bee (D:8)
  3 howler monkeys (D:8)
  2 jellies
  2 crimson imps (D:6)
  3 centaur zombies
  2 hounds (D:5)
  A quasit (D:7)
  A bullfrog skeleton (D:5)
  3 orc priests
  Crazy Yiuf (D:7)
  Terence (D:3)
  An iguana (D:4)
  7 orc wizards
  6 worker ants
  Natasha (D:2)
  2 hound skeletons
  A worker ant zombie (D:6)
  A howler monkey zombie (D:8)
  9 adders
  8 gnolls
  4 river rats (Sewer)
  2 shadow imps
  4 worms
  2 dart slugs (D:3)
  18 orcs
  6 ball pythons
  11 bats
  5 giant cockroaches
  9 goblins
  13 hobgoblins
  10 jackals
  4 quokkas
  6 frilled lizards
  A jackal zombie (D:5)
  26 kobolds
  29 rats
231 creatures vanquished.

Vanquished Creatures (collateral kills)
  A two-headed ogre (D:9)
  2 hogs (D:7)
  2 orc warriors
  A sky beast (D:8)
  An ogre (D:8)
  2 wolves (D:8)
  A centaur (D:7)
  2 bullfrogs
  A water moccasin skeleton (D:7)
  4 killer bees (D:8)
  2 howler monkeys (D:8)
  A bullfrog zombie (D:7)
  A bullfrog skeleton (D:8)
  A worker ant (D:8)
  A hound zombie (D:8)
  A hound skeleton (D:9)
  An adder (D:6)
  A shadow imp (D:7)
  A leopard gecko (D:9)
  3 orcs
  A giant cockroach zombie (D:6)
31 creatures vanquished.

Vanquished Creatures (others)
  An orc wizard (D:9)
  5 orc priests
  4 orcs
10 creatures vanquished.

Grand Total: 272 creatures vanquished

Notes
Turn   | Place    | Note
-------+----------+-------------------------------------------
     0 | D:1      | drasked the Hill Orc Monk began the quest for the Orb.
     0 | D:1      | Reached XP level 1. HP: 19/19 MP: 1/1
   371 | D:1      | Reached skill level 4 in Fighting
   371 | D:1      | Reached XP level 2. HP: 27/27 MP: 2/2
  1089 | D:1      | Reached XP level 3. HP: 31/34 MP: 3/3
  1374 | D:2      | Noticed Natasha
  1665 | D:2      | Reached skill level 4 in Maces & Flails
  2121 | D:2      | Killed Natasha
  2121 | D:2      | Reached skill level 5 in Fighting
  2121 | D:2      | Reached XP level 4. HP: 36/42 MP: 4/4
  2315 | D:3      | Found a shadowy altar of Dithmenos.
  2367 | D:3      | Found an ornate altar of the Wu Jian Council.
  2367 | D:3      | Found a glowing golden altar of the Shining One.
  2526 | D:3      | HP: 8/42 [worm (11)]
  2895 | D:3      | Noticed Terence
  2913 | D:3      | Killed Terence
  2913 | D:3      | Reached XP level 5. HP: 27/49 MP: 5/5
  3128 | D:3      | Found a shimmering altar of Xom.
  3439 | D:3      | Reached skill level 5 in Maces & Flails
  3755 | D:3      | Reached skill level 6 in Fighting
  3761 | D:3      | Reached XP level 6. HP: 31/57 MP: 6/6
  4018 | D:3      | HP: 14/57 [poisoned by a scorpion]
  4024 | D:3      | HP: 12/57 [poisoned by a scorpion]
  4031 | D:3      | HP: 10/57 [poisoned by a scorpion]
  4038 | D:3      | HP: 9/57 [poisoned by a scorpion]
  4046 | D:3      | HP: 9/57 [poisoned by a scorpion]
  4330 | D:3      | Found a glowing golden altar of the Shining One.
  4500 | D:4      | Reached skill level 6 in Maces & Flails
  4514 | D:4      | Became a worshipper of Beogh the Brigand
  4514 | D:4      | Reached * piety under Beogh
  4514 | D:4      | Reached ** piety under Beogh
  4571 | D:4      | HP: 12/58 [orc priest (4)]
  4896 | D:4      | Noticed a phantom
  4919 | D:4      | Killed a phantom
  4919 | D:4      | Reached XP level 7. HP: 33/64 MP: 5/7
  5137 | D:4      | Reached skill level 7 in Fighting
  5137 | D:4      | Reached skill level 7 in Maces & Flails
  5415 | D:4      | Found Jefoy's Weapon Boutique.
  5704 | D:5      | Entered Level 5 of the Dungeon
  5817 | D:5      | Found a sacrificial altar of Ru.
  5817 | D:5      | Found a radiant altar of Vehumet.
  5819 | D:5      | Found a deep blue altar of Sif Muna.
  6152 | D:5      | Reached skill level 1 in Armour
  6173 | D:5      | Reached XP level 8. HP: 67/73 MP: 8/8
  6205 | D:5      | Reached skill level 8 in Maces & Flails
  6206 | D:5      | Found a sacrificial altar of Ru.
  6596 | D:6      | Found a shattered altar of Ashenzari.
  6675 | D:6      | Found Mocuvami's Elemental Accessories.
  6752 | D:6      | Reached *** piety under Beogh
  6761 | D:6      | Reached skill level 8 in Fighting
  6761 | D:6      | Reached skill level 2 in Armour
  6827 | D:6      | Found Qexzyq's Jewellery Boutique.
  6842 | D:6      | Found a glowing drain.
  6877 | Sewer    | Entered a sewer
  7093 | Sewer    | Reached skill level 9 in Maces & Flails
  7099 | Sewer    | Reached **** piety under Beogh
  7142 | Sewer    | Reached skill level 3 in Armour
  7413 | D:6      | Noticed Grinder
  7420 | D:6      | Reached XP level 9. HP: 73/82 MP: 9/9
  7433 | D:6      | Killed Grinder
  7433 | D:6      | Reached skill level 4 in Armour
  7579 | D:6      | Reached skill level 9 in Fighting
  7579 | D:6      | Reached skill level 10 in Maces & Flails
  8351 | D:7      | Found a transporter.
  8545 | D:7      | Noticed a kobold demonologist
  8650 | D:7      | Found a transporter.
  8660 | D:7      | Noticed a deep elf knight
  8664 | D:7      | Noticed a kobold demonologist
  8780 | D:7      | Found a staircase to the Ecumenical Temple.
  8801 | D:7      | Found a sparkling altar of Nemelex Xobeh.
  8874 | D:7      | Reached skill level 5 in Armour
  8879 | D:7      | Reached skill level 11 in Maces & Flails
  9088 | D:7      | Found a hide-covered altar of Uskayaw.
  9143 | D:7      | Reached skill level 10 in Fighting
  9268 | D:7      | Found a runed door.
  9279 | D:7      | Noticed Crazy Yiuf
  9284 | D:7      | Killed Crazy Yiuf
  9320 | D:8      | Reached XP level 10. HP: 69/93 MP: 7/10
  9411 | D:8      | Gained Argrim as an ally
  9693 | D:8      | Reached skill level 6 in Armour
 10025 | D:8      | Noticed Grum
 10036 | D:8      | Killed Grum
 10040 | D:8      | Gained Margrim as an ally
 10204 | D:8      | Found a blossoming altar of Fedhas.
 10306 | D:8      | Found Fipleel's Distillery.
 10392 | D:9      | Noticed a two-headed ogre
 10393 | D:9      | Found an opulent altar of Gozag.
 10400 | D:9      | Your ally Argrim died
 10406 | D:9      | HP: 13/94 [two-headed ogre/giant club (13)]
 10411 | D:9      | HP: 7/94 [adder (2)]
 10412 | D:9      | Killed a two-headed ogre
 10412 | D:9      | Reached skill level 12 in Maces & Flails
 10415 | D:9      | HP: 3/94 [something (6)]
 10423 | D:9      | Noticed a two-headed ogre
 10423 | D:9      | HP: 3/141 [quasit (1)]
 10424 | D:9      | Slain by a sky beast

Vault maps used:
D:1:      mrwooster_arrival_statue
D:2:      minmay_door_square, uniq_natasha
D:3:      corexii_shack_village, lemuel_round_altar,
          nicolae_dithmenos_through_a_glass_darkly,
          gammafunk_temple_overflow_pools, tso_altar, uniq_terence
D:4:      serial_shops, shop
D:5:      gammafunk_temple_overflow_claw, first_bread, hangedman_ru_absence
D:6:      cheibrodos_ashenzari_chains, serial_shops, shop_fountains,
          cheibrodos_sewer_entry_drain, nicolae_elemental_shop, uniq_grinder
D:7:      gammafunk_wand_slinger, nemelex_xobeh_ov_fountains_minmay,
          marbit_many_paths, temple_doors_e, grunt_livestock, eino_curves_04,
          grunt_ministairs_13, uniq_crazy_yiuf_cottage
D:8:      fedhas_altar_3, serial_shops, kennysheep_mini_moat, uniq_grum
D:9:      kennysheep_little_box, kennysheep_mini, nicolae_gozag_seed_capital
Sewer:    sewer_minmay_treatment

Skill      XL: |  1  2  3  4  5  6  7  8  9 10 |
---------------+-------------------------------+-----
Fighting       | 4 5 6 7 8 10 | 10.7
Maces & Flails | 4 5 6 7 9 11 12 | 12.2
Armour         | 1 3 5 6 |  6.8
Dodging        | |  2.4
Stealth        | |  1.5

Action                   |  1- 3 |  4- 6 |  7- 9 | 10-12 || total
-------------------------+-------+-------+-------+-------++-------
Melee: Mace              |   112 |    80 |     8 |       ||   200
       Flail             |       |   179 |   435 |    84 ||   698
Invok: Smiting           |       |     2 |       |     2 ||     4
       Convert to Beogh  |       |     1 |       |       ||     1
       Recall Orcish Fol |       |       |     1 |       ||     1
       Stop Recall       |       |       |     1 |       ||     1
  Use: Scroll            |       |     7 |     1 |     2 ||    10
       Potion            |       |       |       |     3 ||     3
 Stab: Sleeping          |     3 |     7 |       |       ||    10
       Distracted        |       |       |       |     1 ||     1
  Eat: Chunk             |     4 |    13 |    20 |     3 ||    40
Armor: Robe              |    20 |    11 |       |       ||    31
       Scale mail        |       |    73 |   177 |       ||   250
       Chain mail        |       |       |    54 |    83 ||   137
       Skin              |       |       |       |    17 ||    17
Dodge: Dodged            |   101 |   128 |   259 |    44 ||   532

Vault maps used:
D:1:      mrwooster_arrival_statue
D:2:      minmay_door_square, uniq_natasha
D:3:      corexii_shack_village, lemuel_round_altar,
          nicolae_dithmenos_through_a_glass_darkly,
          gammafunk_temple_overflow_pools, tso_altar, uniq_terence
D:4:      serial_shops, shop
D:5:      gammafunk_temple_overflow_claw, first_bread, hangedman_ru_absence
D:6:      cheibrodos_ashenzari_chains, serial_shops, shop_fountains,
          cheibrodos_sewer_entry_drain, nicolae_elemental_shop, uniq_grinder
D:7:      gammafunk_wand_slinger, nemelex_xobeh_ov_fountains_minmay,
          marbit_many_paths, temple_doors_e, grunt_livestock, eino_curves_04,
          grunt_ministairs_13, uniq_crazy_yiuf_cottage
D:8:      fedhas_altar_3, serial_shops, kennysheep_mini_moat, uniq_grum
D:9:      kennysheep_little_box, kennysheep_mini, nicolae_gozag_seed_capital
Sewer:    sewer_minmay_treatment

Table legend:
 A = Turns spent in this place as a percentage of turns spent in the entire game.
 B = Non-inter-level travel turns spent in this place as a percentage of non-inter-level travel turns spent in the entire game.
 C = Inter-level travel turns spent in this place as a percentage of turns spent in this place.
 D = Turns resting spent in this place as a percentage of non-inter-level travel turns spent in this place.
 E = Turns spent auto-exploring this place as a percentage of non-inter-level travel turns spent in this place.
 F = Non-inter-level travel turns spent in this place divided by the number of levels of this place that you've seen.
                   A       B       C       D       E      F
               +-------+-------+-------+-------+-------+----------------------
         Total | 100.0 | 100.0 |   0.3 |   1.9 |   7.7 | 332.6
       Dungeon |  91.3 |  91.3 |   0.3 |   2.0 |   7.3 | 337.2
         Sewer |   8.7 |   8.7 |   0.0 |   0.7 |  11.3 | 291.0
               +-------+-------+-------+-------+-------+----------------------

Table legend:
 A = Kills in this place as a percentage of kills in entire the game.
 B = Kills by you in this place as a percentage of kills by you in the entire game.
 C = Kills by friends in this place as a percentage of kills by friends in the entire game.
 D = Other kills in this place as a percentage of other kills in the entire game.
 E = Experience gained in this place as a percentage of experience gained in the entire game.
 F = Experience gained in this place divided by the number of levels of this place that you have seen.
                   A       B       C       D       E      F
               +-------+-------+-------+-------+-------+----------------------
         Total | 100.0 | 100.0 | 100.0 |  -nan | 100.0 | 720.8
       Dungeon |  81.7 |  79.2 | 100.0 |  -nan |  92.6 | 741.6
         Sewer |  18.3 |  20.8 |   0.0 |  -nan |   7.4 | 534.0
               +-------+-------+-------+-------+-------+----------------------
